General information
- name: BNet
- type: Ladder team game (AT/RT)
- host: Battle.net
- saver: Bromeister
map: UpperKingdom
- players: 6
- length: 08:38
- speed: Fast
- version: 1.26 W3XP
- replay type: Public
» download(59 KB)
Players
team 1 (winner)

»
axeman13 (
red | 87 APM | 738 actions | 08:31)
2 Keeper of the Grove
1 Entangling Roots
1 Thorns Aura
» actions
| Assign group hotkey | 211 | |
| Basic commands | 22 | |
| Build / train | 39 | |
| Enter build submenu | 9 | |
| Enter hero's abilities submenu | 2 | |
| Remove unit from queue | 3 | |
| Right click | 186 | |
| Select / deselect | 87 | |
| Select group hotkey | 148 | |
| Use ability | 31 | |
738 total
» units
| Wisp | 15 | |
| Archer | 12 | |
| Glaive Thrower | 2 | |
29 total
» upgrades
| Strength of the Moon | 1 | |
| Improved Bows | 1 | |
2 total
» buildings
| Altar of Elders | 1 | |
| Moon Well | 3 | |
| Ancient of War | 1 | |
| Hunter's Hall | 1 | |
| Tree of Ages | 1 | |
| Ancient of Wonders | 1 | |
| Ancient Protector | 2 | |
10 total
» build order
00:17 Altar of Elders
00:25 Moon Well
00:46 Ancient of War
01:34 Moon Well
02:50 Hunter's Hall
04:43 Tree of Ages
04:45 Moon Well
04:57 Ancient of Wonders
05:08 Ancient Protector
05:13 Ancient Protector
Av3ng3r. (
yellow | 87 APM | 742 actions | 08:31)
2 Far Seer
1 Feral Spirit
1 Chain Lighting
1 Shadow Hunter
1 Hex
» actions
| Assign group hotkey | 52 | |
| Basic commands | 60 | |
| Build / train | 26 | |
| Enter build submenu | 16 | |
| Enter hero's abilities submenu | 3 | |
| Right click | 231 | |
| Select / deselect | 100 | |
| Select group hotkey | 235 | |
| Use ability | 19 | |
742 total
» units
» upgrades
» buildings
| Altar of Storms | 1 | |
| Orc Burrow | 5 | |
| War Mill | 1 | |
| Barracks | 1 | |
| Voodoo Lounge | 1 | |
| Stronghold | 1 | |
| Watch Tower | 1 | |
| Beastiary | 2 | |
| Fortress | 2 | |
15 total
» build order
00:18 Altar of Storms
00:35 Orc Burrow
00:50 War Mill
01:18 Barracks
02:05 Orc Burrow
02:36 Voodoo Lounge
03:28 Stronghold
04:19 Orc Burrow
04:35 Watch Tower
04:48 Orc Burrow
06:23 Beastiary
06:53 Beastiary
07:03 Orc Burrow
08:13 Fortress
08:14 Fortress
» items
Bromeister (
green | 88 APM | 764 actions | 08:38)
1 Mountain King
1 Storm Bolt
» actions
| Assign group hotkey | 3 | |
| Build / train | 36 | |
| Enter build submenu | 28 | |
| Enter hero's abilities submenu | 1 | |
| Right click | 485 | |
| Select / deselect | 138 | |
| Select group hotkey | 34 | |
| Use ability | 39 | |
764 total
» units
» upgrades
| Lumber Harvesting | 1 | |
| Masonry | 1 | |
2 total
» buildings
| Lumber Mill | 1 | |
| Scout Tower | 12 | |
| Farm | 3 | |
| Guard Tower | 15 | |
| Altar of Kings | 1 | |
| Keep | 2 | |
| Arcane Vault | 1 | |
| Castle | 1 | |
| Blacksmith | 1 | |
37 total
» build order
00:12 Lumber Mill
00:53 Scout Tower
00:55 Scout Tower
01:17 Farm
01:25 Guard Tower
01:31 Scout Tower
01:39 Scout Tower
01:45 Scout Tower
02:15 Guard Tower
02:36 Guard Tower
02:51 Altar of Kings
03:07 Guard Tower
03:44 Scout Tower
03:51 Keep
03:51 Keep
04:20 Guard Tower
04:22 Scout Tower
04:55 Farm
04:59 Guard Tower
04:59 Guard Tower
05:02 Scout Tower
05:36 Scout Tower
06:02 Guard Tower
06:02 Guard Tower
06:20 Arcane Vault
06:28 Scout Tower
06:37 Farm
06:38 Castle
06:56 Guard Tower
07:19 Blacksmith
07:34 Scout Tower
07:52 Scout Tower
08:19 Guard Tower
08:19 Guard Tower
08:21 Guard Tower
08:30 Guard Tower
» items
| Lesser Clarity Potion | 1 | |
| Ivory Tower | 3 | |
4 total
team 2 (loser)
lsalvatore.amg (
pink | 95 APM | 806 actions | 08:31)
2 Mountain King
1 Storm Bolt
1 Bash
» actions
| Assign group hotkey | 20 | |
| Basic commands | 14 | |
| Build / train | 29 | |
| Enter build submenu | 14 | |
| Enter hero's abilities submenu | 2 | |
| Remove unit from queue | 3 | |
| Right click | 319 | |
| Select / deselect | 123 | |
| Select group hotkey | 238 | |
| Use ability | 44 | |
806 total
» units
| Peasant | 10 | |
| Footman | 9 | |
| Rifleman | 1 | |
20 total
» buildings
| Altar of Kings | 1 | |
| Farm | 5 | |
| Barracks | 1 | |
| Keep | 3 | |
| Blacksmith | 1 | |
| Scout Tower | 2 | |
| Arcane Tower | -2 | |
| Lumber Mill | 1 | |
| Arcane Vault | 2 | |
| Castle | 1 | |
| Guard Tower | 1 | |
16 total
» build order
00:21 Altar of Kings
00:36 Farm
00:53 Barracks
01:12 Farm
01:51 Farm
02:45 Keep
02:45 Keep
03:27 Blacksmith
03:29 Scout Tower
04:04 Arcane Tower
04:05 Farm
04:31 Farm
04:43 Scout Tower
04:46 Lumber Mill
04:52 Arcane Vault
05:45 Castle
06:03 Guard Tower
08:19 Arcane Vault

»
ijkl (
orange | 56 APM | 471 actions | 08:27)
1 Death Knight
1 Death Coil
» actions
| Assign group hotkey | 8 | |
| Basic commands | 8 | |
| Build / train | 19 | |
| ESC pressed | 1 | |
| Enter build submenu | 13 | |
| Enter hero's abilities submenu | 1 | |
| Right click | 190 | |
| Select / deselect | 86 | |
| Select group hotkey | 124 | |
| Use ability | 21 | |
471 total
» units
| Acolyte | 2 | |
| Ghoul | 5 | |
| Crypt Fiend | 2 | |
9 total
» upgrades
» buildings
| Ziggurat | 6 | |
| Crypt | 1 | |
| Altar of Darkness | 1 | |
| Tomb of Relics | 1 | |
| Nerubian Tower | 1 | |
| Graveyard | 1 | |
| Halls of the Dead | 1 | |
| Spirit Tower | 2 | |
| Black Citadel | 1 | |
| Slaughterhouse | 1 | |
16 total
» build order
00:11 Ziggurat
00:17 Crypt
00:33 Altar of Darkness
01:07 Tomb of Relics
01:28 Nerubian Tower
02:03 Graveyard
02:13 Ziggurat
03:16 Ziggurat
04:29 Halls of the Dead
04:30 Spirit Tower
05:11 Ziggurat
06:08 Ziggurat
06:27 Ziggurat
07:02 Black Citadel
07:20 Spirit Tower
07:52 Slaughterhouse
» items
| Rod of Necromancy | 1 | |
| Dust of Appearance | 1 | |
2 total

»
PressOn (
purple | 43 APM | 364 actions | 08:31)
1 Keeper of the Grove
1 Force of Nature
» actions
| Basic commands | 2 | |
| Build / train | 28 | |
| Enter build submenu | 9 | |
| Enter hero's abilities submenu | 1 | |
| Right click | 155 | |
| Select / deselect | 148 | |
| Use ability | 21 | |
364 total
» units
| Wisp | 10 | |
| Archer | 3 | |
| Glaive Thrower | 5 | |
| Huntress | 3 | |
21 total
» upgrades
| Strength of the Moon | 1 | |
| Moon Armor | 1 | |
| Ultravision | 1 | |
3 total
» buildings
| Moon Well | 3 | |
| Altar of Elders | 1 | |
| Ancient of War | 2 | |
| Ancient of Wonders | 1 | |
| Hunter's Hall | 1 | |
8 total
» build order
00:21 Moon Well
00:35 Altar of Elders
00:49 Ancient of War
01:04 Ancient of Wonders
01:40 Moon Well
02:28 Hunter's Hall
03:53 Ancient of War
04:31 Moon Well
» items
Chat log
(00:18 / Allies) Bromeister: i tower
(00:20 / Allies) Bromeister: im pro
(01:05 / Allies) Bromeister: support k?
(01:08 / Allies) Av3ng3r.: fs
(01:09 / Allies) axeman13: k
(01:10 / Allies) Av3ng3r.: k
(01:15 / Allies) axeman13: arch siege kotg potm
(01:34 / All) Bromeister: guys how u like the reset
(01:49 / All) axeman13: i love the old maps. kinda makes it fresh again
(01:53 / All) Bromeister: :)
(01:55 / Allies) Av3ng3r.: lol
(01:56 / Allies) Av3ng3r.: i was almost
(01:58 / Allies) Av3ng3r.: level 30
(02:04 / All) lsalvatore.amg: shut the hell up red.
(02:04 / Allies) Bromeister: wood plz
(02:06 / All) lsalvatore.amg: u suck
(02:10 / All) axeman13: ok
(02:11 / All) Bromeister: whoa lol wtf rivalry?
(02:20 / Allies) Bromeister: wood plz
(02:23 / Allies) axeman13: i was lvl 29 with about 1 more win to go
(02:33 / Allies) Bromeister: wood
(02:38 / Allies) axeman13: ill dristract
(02:45 / Allies) Bromeister: um
(02:46 / Allies) Bromeister: sure
(03:04 / Allies) Bromeister: he saw it
(03:05 / Allies) Bromeister: just come to me
(03:20 / Allies) Av3ng3r.: aim hero
(03:49 / Allies) Av3ng3r.: i got u
(04:10 / All) Bromeister: lawl
(04:42 / All) Bromeister: fuck off
(05:39 / Allies) Bromeister: siege
(06:22 / Allies) Bromeister: shop
(06:49 / Allies) Bromeister: wood plz
(07:23 / Allies) Bromeister: hero
(07:23 / Allies) Bromeister: hero
(07:26 / Allies) Bromeister: hex him
(07:28 / Allies) Bromeister: nvm
(07:33 / Allies) Av3ng3r.: sorry
(08:18 / All) axeman13: gg
(08:24 / Allies) Bromeister: >
(08:24 / Allies) axeman13: pink has no shop
(08:28 / Allies) axeman13: i drew a tp